 Dungeon Crawl Stone Soup version 0.26-a0-540-g8a0c9464d7 (webtiles) character file.

Game seed: 3507468922668580149

4585 kae the Grappler (level 10, -2/78 HPs)
             Began as a White Draconian Transmuter on Aug 20, 2020.
             Was a Believer of Wu Jian.
             Killed from afar by an electric eel (13 damage)
             ... with a bolt of electricity
             ... on level 8 of the Dungeon.
             The game lasted 00:11:26 (11538 turns).

kae the Grappler (White Draconian Transmuter)      Turns: 11538, Time: 00:11:27

Health: -2/78      AC:  9    Str: 16      XL:     10   Next: 18%
Magic:  12/13      EV: 12    Int: 10 (11) God:    Wu Jian [**....]
Gold:   477        SH:  0    Dex: 11 (12) Spells: 2/13 levels left

rFire    + + .     SeeInvis .     - Unarmed
rCold    + . .     Faith    .   (no shield)
rNeg     . . .     Spirit   .   (armour unavailable)
rPois    .         Reflect  .   (helmet restricted)
rElec    .         Harm     .   H - scarf {rC+ rF+}
rCorr    .                      (no gloves)
MR       +....                  h - +1 pair of boots
Stlth    +.........             (no amulet)
HPRegen  0.23/turn              c - ring of protection from magic
MPRegen  0.13/turn              g - ring of fire

@: no status effects
A: breathe frost, unfitting armour, cold resistance 1, deterioration 1, dopey 1,
robust 1, cold-blooded, MP-powered wands, AC +7
a: Breathe Frost, Wall Jump, Renounce Religion


You were on level 8 of the Dungeon.
You worshipped Wu Jian.
Wu Jian was pleased with you.
You visited 2 branches of the dungeon, and saw 9 of its levels.
You also visited: Sewer and Ossuary.

You collected 477 gold pieces.

Inventory:

Hand Weapons
 D - the +3 great sword "Mirghoux" {vorpal, Dex+5 SInv}
   (You found it on level 6 of the Dungeon)

   It inflicts extra damage upon your enemies.
   It affects your dexterity (+5).
   It lets you see invisible.
Armour
 d - a +0 cloak
 h - a +1 pair of boots (worn)
 p - a scarf of resistance
 H - a scarf of resistance (worn)
Jewellery
 c - a ring of protection from magic (left hand)
 g - a ring of fire (right hand)
 y - an uncursed ring of wizardry {unknown}
 A - an uncursed ring of protection from fire {unknown}
Wands
 j - a wand of enslavement (10)
 m - a wand of digging (4)
 F - a wand of disintegration (11)
 G - a wand of paralysis (5)
Scrolls
 e - 4 scrolls of teleportation
 k - 2 scrolls of magic mapping
 l - 4 scrolls of immolation
 s - 2 scrolls of random uselessness
 t - 3 scrolls of fear
 x - 4 scrolls of enchant weapon
 z - 3 scrolls of remove curse
 E - a scroll of amnesia
Potions
 a - 5 potions of stabbing
 b - 3 potions of ambrosia
 f - a potion of degeneration
 i - 2 potions of flight
 n - 2 potions of invisibility
 o - 7 potions of curing
 q - 5 potions of brilliance
 r - a potion of might
 u - 2 potions of haste
 v - 2 potions of resistance
 w - a potion of lignification


   Skills:
 - Level 1.1 Fighting
 - Level 1.7 Dodging
 * Level 12.3 Unarmed Combat
 - Level 2.0 Spellcasting
 + Level 8.9 Transmutations


You had 2 spell levels left.
You knew the following spells:

 Your Spells              Type           Power        Failure   Level
a - Beastly Appendage     Tmut           ###...       1%          1
b - Wereblood             Tmut           ###.....     1%          2
c - Spider Form           Tmut/Pois      #.........   16%         3
d - Blade Hands           Tmut           ###.......   22%         5

Your spell library contained the following spells:

 Spells                   Type           Power        Failure   Level
 Ice Form                 Ice/Tmut       #.......     45%         4


Dungeon Overview and Level Annotations

Branches:
Dungeon (8/15)             Temple (1/1) D:6           Sewer (visited)
Ossuary (visited)
   Lair: D:8-11

Altars:
Cheibriados
Elyvilon
Fedhas
Hepliaklqana
Kikubaaqudgha
Nemelex Xobeh
Okawaru
Sif Muna
Trog
Uskayaw
Wu Jian
Xom
Yredelemnul
Zin
The Shining One

Shops:
D:6 }

Annotations:
D:7 1 runed translucent door, holomanga's ghost, novice DrCj


Innate Abilities, Weirdness & Mutations

You can breathe waves of freezing cold.
You can buffet flying creatures when you breathe cold.
Your icy white scales are hard. (AC +7)
You cannot fit into any form of body armour.
Your flesh is cold resistant. (rC+)
You are cold-blooded and may be slowed by cold attacks.
Your body sometimes deteriorates upon taking damage.
You are dopey. (Int -2)
You are robust. (+10% HP)
You expend magic power (3 MP) to strengthen your wands.


Message History

g - Guard the area. f - Follow me.
Anything else - Cancel.
Gang up on whom?
Press: ? - help, Dir - move target cursor, f/p - electric eel
Aim: an electric eel Attack!
You start resting.
An electric eel is nearby!
An electric eel comes into view.
The electric eel shoots out a bolt of lightning at you!
The bolt of electricity hits you!
The electric eel shoots out a bolt of lightning at you!
The bolt of electricity hits the plant!
The bolt of electricity hits the plant.
The bolt of electricity hits the electric eel.
The electric eel completely resists.
The bolt of electricity hits you!
* * * LOW HITPOINT WARNING * * *
Your body deteriorates!
You feel dopey.
The electric eel shoots out a bolt of lightning at you!
The bolt of electricity hits you!
You die...

### ##.## ≈≈≈ #...# ♣≈P≈♣
#####.<.## ≈≈≈≈≈≈
#........## P≈≈≈≈≈ .##
#.........##♣♣≈♣≈≈≈♣
#...#.......###♣≈P≈P≈P≈≈
....##......@..♣≈P≈≈≈≈≈≈
.......)...##..;;≈≈≈≈≈≈≈
..........†.#..♣PP≈≈≈≈≈≈
....##........≈♣;P≈≈≈≈≈≈
....>.........♣≈P≈P≈≈≈≈≈
...............♣♣≈≈≈≈;≈≈≈
(##..###........)♣♣≈≈≈≈≈≈≈≈
..... ##.....?..?♣P♣≈≈≈≈≈≈≈
....##...#......♣♣ ≈≈≈≈≈≈≈


You could see an electric eel and a friendly electric eel (charmed).

Vanquished Creatures
  A two-headed ogre (D:8)
  Prince Ribbit (D:7)
  2 hippogriffs (D:7)
  Menkaure (D:4)
  Duvessa (D:7)
  2 orc warriors
  A porcupine (D:7)
  A sky beast (D:5)
  An ice beast (D:6)
  2 black bears
  A necrophage (D:6)
  2 ogres (D:5)
  A phantom (D:5)
  A centaur (D:5)
  2 big kobolds (Sewer)
  2 bullfrogs (D:6)
  Dowan (D:7)
  2 scorpions
  A water moccasin zombie (Ossuary)
  An electric eel (D:8)
  2 centaur zombies (Ossuary)
  2 quasits
  4 bullfrog zombies
  4 hounds
  9 orc priests
  9 orc wizards
  An iguana (D:5)
  7 worker ants
  12 mummies (Ossuary)
  A hound zombie (Ossuary)
  A howler monkey zombie (Ossuary)
  5 worker ant zombies
  7 gnolls
  5 adders
  3 white imps
  An ufetubus (D:5)
  4 oozes
  3 adder zombies
  3 worms
  4 dart slugs
  5 leopard geckos
  24 orcs
  4 ball pythons
  8 giant cockroaches
  12 goblins
  7 hobgoblins
  7 jackals
  18 kobolds
  3 bats
  8 frilled lizards
  A jackal skeleton (D:6)
  A jackal zombie (Ossuary)
  A leopard gecko skeleton (D:5)
  A leopard gecko zombie (Ossuary)
  2 quokka zombies
  11 rats
  A fungus (Sewer)
228 creatures vanquished.

Vanquished Creatures (others)
  An orc wizard (D:6)
  3 orcs (D:8)
  2 withered plants (Ossuary)
6 creatures vanquished.

Grand Total: 234 creatures vanquished

Notes
Turn   | Place    | Note
-------+----------+-------------------------------------------
     0 | D:1      | kae the Draconian Transmuter began the quest for the Orb.
     0 | D:1      | Reached XP level 1. HP: 16/16 MP: 3/3
   308 | D:1      | Reached XP level 2. HP: 23/23 MP: 3/5
   732 | D:1      | Reached XP level 3. HP: 23/28 MP: 4/6
  1231 | D:2      | Reached skill level 4 in Unarmed Combat
  1644 | D:2      | Learned a level 2 spell: Wereblood
  1648 | D:2      | Learned a level 3 spell: Spider Form
  1922 | D:2      | Reached XP level 4. HP: 35/35 MP: 5/7
  2707 | D:3      | Found a glowing drain.
  2711 | Sewer    | Entered a sewer
  2849 | Sewer    | Reached skill level 5 in Unarmed Combat
  2892 | Sewer    | Noticed a big kobold
  2896 | Sewer    | Killed a big kobold
  2896 | Sewer    | Reached XP level 5. HP: 36/40 MP: 4/8
  3021 | Sewer    | Reached XP level 6. HP: 21/47 MP: 2/9
  3844 | D:3      | Reached skill level 6 in Unarmed Combat
  4978 | D:4      | You fall into a shaft and drop 3 floors!
  5100 | D:7      | Found a sand-covered staircase.
  5106 | D:7      | Noticed a hippogriff
  5114 | D:7      | Killed a hippogriff
  5114 | D:7      | Reached skill level 7 in Unarmed Combat
  5114 | D:7      | Your scales start taking on an icy white colour.
  5114 | D:7      | Reached XP level 7. HP: 13/52 MP: 3/10
  5114 | D:7      | Gained mutation: Your flesh is cold resistant. (rC+) [White
                  | Draconian growth]
  5286 | Ossuary  | Entered an ossuary
  5326 | Ossuary  | Reached skill level 5 in Transmutations
  5728 | Ossuary  | Reached skill level 8 in Unarmed Combat
  5781 | Ossuary  | Reached XP level 8. HP: 51/59 MP: 11/11
  6073 | D:7      | Noticed Dowan
  6073 | D:7      | Noticed Duvessa
  6090 | D:7      | Killed Duvessa
  6101 | D:7      | Killed Dowan
  6200 | D:7      | Reached skill level 9 in Unarmed Combat
  6553 | D:7      | Found a runed translucent door.
  6556 | D:7      | Noticed holomanga's ghost (novice DrCj)
  6574 | D:7      | Noticed Prince Ribbit
  6587 | D:7      | Killed Prince Ribbit
  6987 | D:6      | Found a staircase to the Ecumenical Temple.
  7301 | D:6      | Reached skill level 10 in Unarmed Combat
  7318 | Temple   | Entered the Ecumenical Temple
  7323 | Temple   | Became a worshipper of the Wu Jian Council
  7350 | D:6      | Got a bloodstained great sword
  7413 | D:6      | Gained mutation: You are dopey. (Int -2) [potion of
                  | mutation]
  7413 | D:6      | Gained mutation: You are robust. (+10% HP) [potion of
                  | mutation]
  7413 | D:6      | Gained mutation: Your body sometimes deteriorates upon
                  | taking damage. [potion of mutation]
  7413 | D:6      | Gained mutation: You expend magic power (3 MP) to
                  | strengthen your wands. [potion of mutation]
  7429 | D:6      | Reached XP level 9. HP: 5/70 MP: 9/12
  8187 | D:6      | Found Togoinui's Gadget Emporium.
  8230 | D:5      | Entered Level 5 of the Dungeon
  8281 | D:5      | Reached * piety under Wu Jian
  8862 | D:5      | Reached skill level 11 in Unarmed Combat
  9639 | D:4      | Noticed Menkaure
  9658 | D:4      | Killed Menkaure
  9706 | D:4      | Learned a level 5 spell: Blade Hands
  9873 | D:4      | Reached ** piety under Wu Jian
 10453 | D:4      | Found a hazy altar of Hepliaklqana.
 10823 | D:5      | Identified the +3 great sword "Mirghoux" {vorpal, Dex+5
                  | SInv} (You found it on level 6 of the Dungeon)
 10999 | D:7      | Reached XP level 10. HP: 32/78 MP: 10/13
 11317 | D:8      | Reached skill level 12 in Unarmed Combat
 11335 | D:8      | Noticed a two-headed ogre
 11350 | D:8      | Killed a two-headed ogre
 11538 | D:8      | Killed from afar by an electric eel

Illustrated notes

Levels and vault maps discovered:
D:1:      dpeg_arrival_round_b, layout_basic
D:2:      layout_loops_cross
D:3:      layout_loops_corners, gup_sewer_entry_spiral, serial_bayou_pond_e
D:4:      layout_basic, nicolae_overflow_hidden_temple, uniq_menkaure
D:5:      layout_cave_pools
D:6:      layout_rooms, temple_fountains, serial_shops, kennysheep_mini,
          minmay_stone_trees_small, minmay_starry_boxes
D:7:      layout_cave_pools, ebering_ghost_reflecting_pool,
          nicolae_ossuary_entry_ruins, uniq_duvessa, uniq_prince_ribbit1
D:8:      layout_cave_pools, grunt_lair_entry_orc_guard_hut,
          gammafunk_ghost_abyssal_escape, serial_bayou, serial_bayou_pond_e,
          serial_bayou_shore_b, serial_bayou_lagoon_a, serial_bayou_lake_a,
          hangedman_decor_riveting
Temple:   dpeg_three_leaves_temple

Skill      XL: |  1  2  3  4  5  6  7  8  9 10 |
---------------+-------------------------------+-----
Unarmed Combat | 4 5 7 8 10 11 12 | 12.3
Transmutations | 3 4 5 7 8 |  8.9
Fighting       | |  1.1
Dodging        | |  1.7
Spellcasting   | |  2.0

Action                   |  1- 3 |  4- 6 |  7- 9 | 10-12 || total
-------------------------+-------+-------+-------+-------++-------
Melee: Unarmed           |   117 |   195 |   406 |    10 ||   728
       Tailslap          |    13 |    10 |    31 |       ||    54
       Headbutt          |    11 |     8 |    19 |       ||    38
       Kick              |    13 |    15 |    27 |       ||    55
       Punch             |       |     5 |     8 |       ||    13
 Cast: Beastly Appendage |    20 |    31 |    16 |       ||    67
       Spider Form       |       |     9 |    31 |     2 ||    42
       Wereblood         |       |     2 |     3 |       ||     5
Invok: Lunge             |       |       |    10 |     1 ||    11
       Whirlwind         |       |       |     1 |       ||     1
 Abil: Breathe Frost     |       |       |     2 |       ||     2
Evoke: Wand              |       |       |       |     3 ||     3
  Use: Scroll            |       |     7 |    12 |       ||    19
       Potion            |       |     1 |    11 |       ||    12
 Stab: Sleeping          |       |     1 |       |       ||     1
       Distracted        |       |       |     1 |       ||     1
       Invisible         |       |       |     2 |       ||     2
       Paralysed         |       |       |       |     5 ||     5
Armor: Skin              |    34 |    68 |    83 |     1 ||   186
Dodge: Dodged            |    65 |   170 |   249 |     5 ||   489

Table legend: (Time is in decaauts)
 A = Elapsed time spent in this place.
 B = Non-inter-level travel time spent in this place.
 C = Inter-level travel time spent in this place.
 D = Time resting spent in this place.
 E = Time spent auto-exploring this place.
 F = Levels seen in this place.
 G = Mean time per level.
                   A        B        C        D        E       F      G
               +--------+--------+--------+--------+--------+-----+--------+
         Total |  11546 |  11136 |    410 |   3405 |   5920 |  11 | 1049.6 |
       Dungeon |   9923 |   9514 |    409 |   2624 |   5515 |   8 | 1240.4 |
        Temple |     10 |     10 |      0 |      0 |      0 |   1 |   10.0 |
         Sewer |    826 |    826 |      0 |    461 |    162 |   1 |  826.0 |
       Ossuary |    785 |    785 |      0 |    320 |    242 |   1 |  785.0 |
               +--------+--------+--------+--------+--------+-----+--------+

Top non-repeatable levels by time:
     D:7: 1717 daAuts
     D:3: 1463 daAuts
     D:2: 1400 daAuts
     D:4: 1399 daAuts
     D:5: 1363 daAuts
     D:1: 1169 daAuts
     D:6: 1073 daAuts
   Sewer: 826 daAuts
 Ossuary: 785 daAuts
     D:8: 336 daAuts
  Temple: 10 daAuts
